 Dungeon Crawl Stone Soup version 0.31-a0-236-g9a0961fb85 (webtiles) character file.

Game seed: 1862675168914700958

10647 qw the Skirmisher (level 11, -1/89 HPs)
             Began as a Minotaur Hexslinger on July 10, 2023.
             Was an Elder of Okawaru.
             Slain by a two-headed ogre
             ... wielding a +0 giant spiked club
              (8 damage)
             ... on level 10 of the Dungeon.
             The game lasted 00:03:45 (9749 turns).

qw the Skirmisher (Minotaur Hexslinger)             Turns: 9749, Time: 00:03:46

Health: -1/89      AC: 13    Str: 14    XL:     11   Next: 38%
Magic:  13/14      EV: 18    Int: 10    God:    Okawaru [****..]
Gold:   652        SH:  0    Dex: 18    Spells: 11/12 levels left

rFire   . . .        b - +1 longbow (heavy)
rCold   . . .        (shield currently unavailable)
rNeg    . . .        h - +0 acid dragon scales
rPois   .            (helmet unavailable)
rElec   .            (no cloak)
rCorr   +            (no gloves)
SInv    +            i - +2 pair of boots
Will    .....        (no amulet)
Stlth   +++          o - ring "Luoruphi" {Dex+2 SInv}
HPRegen 0.34/turn    (no ring)
MPRegen 0.14/turn

%: no passive effects
@: about to teleport, heroic
A: horns 3, retaliatory headbutt, fangs 1, iridescent scales 1, frail 1
a: Renounce Religion, Heroism, Finesse


You were on level 10 of the Dungeon.
You worshipped Okawaru.
Okawaru was greatly pleased with you.
You visited 2 branches of the dungeon, and saw 11 of its levels.

You collected 652 gold pieces.


Innate Abilities, Weirdness & Mutations

You have a pair of large horns on your head.
You reflexively headbutt those who attack you in melee.
You have very sharp teeth.
You are partially covered in iridescent scales. (AC +2)
You are frail. (-10% HP)


   Skills:
 - Level 10.1(15.1) Fighting
 + Level 14.5(19.5) Ranged Weapons
 - Level 4.0(9.0) Armour
 - Level 6.2(11.2) Dodging
 - Level 1.0 Spellcasting
 - Level 2.0 Hexes
 + Level 6.1 Invocations


You had 11 spell levels left.
You knew the following spells:

 Your Spells              Type           Power      Damage    Failure   Level
a - Slow                  Hex            16%        N/A       21%         1

Your spell library contained the following spells:

 Spells                   Type           Power      Damage    Failure   Level
 Inner Flame              Hex/Fire       2%         N/A       65%         3
 Portal Projectile        Hex/Tloc       4%         N/A       65%         3
 Cause Fear               Hex            2%         N/A       89%         4

Inventory:

Hand Weapons
 b - a +1 heavy longbow (weapon)
Armour
 d - +0 steam dragon scales
 h - +0 acid dragon scales (worn)
 i - a +2 pair of boots (worn)
 p - a +0 pair of gloves
Jewellery
 f - a +6 ring of dexterity
 o - the ring "Luoruphi" (left hand) {Dex+2 SInv}
   (You took it off an orc wizard on level 8 of the Dungeon)

   [ring of see invisible]

   Dex:       It affects your dexterity (+2).
   SInv:      It lets you see invisible.
Scrolls
 e - 3 scrolls of identify
 l - a scroll of brand weapon
 n - a scroll of teleportation
Potions
 a - a potion of curing
 c - 4 potions of heal wounds
 g - a potion of might
 j - a potion of degeneration {unknown}
 k - a potion of attraction {unknown}
 m - a potion of resistance
 q - a potion of enlightenment {unknown}

Dungeon Overview and Level Annotations

Branches:
Dungeon (10/15)            Temple (1/1) D:5            Lair (0/5) D:10
    Orc (0/2) D:9

Altars:
Ashenzari
Cheibriados
Dithmenos
Elyvilon
Fedhas
Gozag
Hepliaklqana
Kikubaaqudgha
Makhleb
Nemelex Xobeh
Okawaru
Qazlal
Ru
Sif Muna
Trog
Uskayaw
Vehumet
Wu Jian
Xom
Yredelemnul
Zin
The Shining One

Annotations:
D:4 3 runed translucent doors, qw's ghost, novice GrHs


Message History

Enter note:
Enter note:
Enter note:
Enter note:
Enter note:
Enter note:
Enter note:
Enter note:
9742 ||| INVOKING Heroism.
You gain the combat prowess of a mighty hero.
A killer bee comes into view.
You shoot an arrow. The killer bee buzzes angrily.
The arrow hits the two-headed ogre!
The two-headed ogre is moderately wounded.
The two-headed ogre hits you with a +0 giant spiked club!
The two-headed ogre misses you.
You shoot an arrow.
The arrow hits the two-headed ogre but does no damage.
The two-headed ogre is moderately wounded.
You shoot an arrow. The arrow hits the two-headed ogre.
The two-headed ogre is moderately wounded.
The two-headed ogre hits you with a +0 giant spiked club!!
The two-headed ogre hits you but does no damage.
You shoot an arrow.
The arrow barely misses the two-headed ogre.
The two-headed ogre hits you with a +0 giant spiked club!
The two-headed ogre completely misses you.
You shoot an arrow. The arrow hits the two-headed ogre.
The two-headed ogre is moderately wounded.
The two-headed ogre hits you with a +0 giant spiked club!
The two-headed ogre hits you with a +0 dire flail!
9748 ||| READING 2 scrolls of teleportation.
As you read the scroll of teleportation, it crumbles to dust.
You feel strangely unstable.
9749 ||| DRINKING 5 potions of heal wounds.
You feel much better.
The two-headed ogre hits you with a +0 giant spiked club!!
The two-headed ogre hits you with a +0 dire flail!
You die...

#...####.....# ..### #......##
)######....#.#[ .....##..#...#.#
.....#..##...#.. ........##.#.#..
.......##..#.# y##
.............###O####### ########
...#.......#.#..@..#... #..)..#.
...####.~~~..#..#.%#.#####..##.#.
#### #..~.~..#.###)%...).'.##..'.
#..~.~..#.#...#.#####..##.#.
###~.~..#.....#.....#.....#.
##....#################### ###...


You could see a two-headed ogre and a killer bee.

Vanquished Creatures
  Nergalle (D:10)
  An ugly thing (D:10)
  A gargoyle (D:10)
  Maggie (D:8)
  2 komodo dragons (D:10)
  An unseen horror (D:8)
  Prince Ribbit (D:8)
  2 hornets
  5 yaks
  2 wyverns
  2 shadows (D:10)
  2 vampires
  A wraith (D:9)
  A basilisk (D:10)
  4 vampire mosquitoes (D:10)
  A steam dragon (D:7)
  An acid dragon (D:8)
  A swamp drake (D:10)
  2 water moccasins
  2 orc warriors
  A sky beast (D:4)
  An ice beast (D:6)
  2 ogres
  8 centaurs
  5 bullfrogs
  3 kobold brigands
  4 gnoll sergeants
  A scorpion (D:5)
  15 wights
  An oklob sapling (D:5)
  8 killer bees
  4 howler monkeys
  3 electric eels
  10 orc priests
  7 hounds
  4 jellies
  A gnoll bouda (D:4)
  2 sleepcaps (D:6)
  10 orc wizards
  2 iguanas
  16 gnolls
  9 adders
  2 shadow imps (D:6)
  A white imp (D:5)
  A worm (D:2)
  6 dart slugs
  34 orcs
  3 ball pythons
  3 endoplasms
  4 giant cockroaches
  8 goblins
  10 hobgoblins
  8 jackals
  5 quokkas (D:4)
  2 bats (D:2)
  3 frilled lizards
  14 kobolds
  8 rats
263 creatures vanquished.

Notes
Turn   | Place    | Note
-------+----------+-------------------------------------------
     0 | D:1      | qw the Minotaur Hexslinger began the quest for the Orb.
     0 | D:1      | Reached XP level 1. HP: 16/16 MP: 1/1
     0 | D:1      | 0 ||| qw: Version: 0.3-a-52-g30416fa
     0 | D:1      | 0 ||| qw: Game counter: 4755
     0 | D:1      | 0 ||| qw: Melee chars always use a shield: true
     0 | D:1      | 0 ||| qw: God list: Okawaru
     0 | D:1      | 0 ||| qw: Allow faded altars: false
     0 | D:1      | 0 ||| qw: Do Orc after clearing Dungeon:15 true
     0 | D:1      | 0 ||| qw: Do second Lair branch before Depths: true
     0 | D:1      | 0 ||| qw: Lair rune preference: random
     0 | D:1      | 0 ||| qw: Goals: Normal
     0 | D:1      | 0 ||| PLANNING D:1-11
   135 | D:1      | Found a faded altar of an unknown god.
   216 | D:1      | Reached skill level 3 in Ranged Weapons
   219 | D:1      | Reached XP level 2. HP: 23/23 MP: 2/2
   775 | D:1      | Reached XP level 3. HP: 29/29 MP: 3/3
   787 | D:1      | 787 ||| READING scroll labelled MUNGAU ROMYGG.
   788 | D:1      | 788 ||| READING 2 scrolls labelled DAEPOZX WOSEFF.
   789 | D:1      | 789 ||| READING scroll labelled QADESUVIGIO.
   790 | D:1      | 790 ||| DROPPING scroll of poison.
   791 | D:1      | 791 ||| DROPPING scroll of immolation.
  1013 | D:2      | Reached skill level 4 in Ranged Weapons
  1296 | D:2      | Reached XP level 4. HP: 34/36 MP: 4/4
  1485 | D:2      | 1485 ||| READING scroll labelled OTTICYMYZI.
  1486 | D:2      | 1486 ||| READING scroll labelled VETSUR NUDATOP.
  1486 | D:2      | Identified a scroll of acquirement
  1486 | D:2      | 1486 ||| ACQUIRING +0 heavy longbow
  1486 | D:2      | Acquired a +0 heavy longbow
  1488 | D:2      | 1488 ||| SWAPPING to +0 heavy longbow.
  1489 | D:2      | 1489 ||| DROPPING +1 sling of freezing.
  1490 | D:2      | 1490 ||| READING scroll labelled ESOPSUTOIX.
  1491 | D:2      | 1491 ||| DRINKING 2 ruby potions.
  1491 | D:2      | Gained mutation: You are frail. (-10% HP) [potion of
                  | mutation]
  1491 | D:2      | Gained mutation: You are agile. (Dex +4, Str/Int -1)
                  | [potion of mutation]
  1491 | D:2      | Gained mutation: You passively map a small area around you.
                  | [potion of mutation]
  1492 | D:2      | 1492 ||| DRINKING potion of mutation.
  1492 | D:2      | Lost mutation: You are agile. (Dex +4, Str/Int -1) [potion
                  | of mutation]
  1492 | D:2      | Lost mutation: You are frail. (-10% HP) [potion of
                  | mutation]
  1492 | D:2      | Lost mutation: You passively map a small area around you.
                  | [potion of mutation]
  1492 | D:2      | Gained mutation: You have a pair of large horns on your
                  | head. [potion of mutation]
  1492 | D:2      | Gained mutation: You are frail. (-10% HP) [potion of
                  | mutation]
  1492 | D:2      | Gained mutation: You are strong-willed. (Will+) [potion of
                  | mutation]
  1565 | D:3      | Reached skill level 5 in Ranged Weapons
  1573 | D:3      | Reached skill level 3 in Fighting
  1683 | D:3      | Reached XP level 5. HP: 38/40 MP: 5/5
  1925 | D:3      | 1925 ||| DRINKING potion of mutation.
  1925 | D:3      | Lost mutation: You are strong-willed. (Will+) [potion of
                  | mutation]
  1925 | D:3      | Lost mutation: You have a pair of large horns on your head.
                  | [potion of mutation]
  1925 | D:3      | Gained mutation: You are partially covered in iridescent
                  | scales. (AC +2) [potion of mutation]
  1925 | D:3      | Gained mutation: You have a pair of large horns on your
                  | head. [potion of mutation]
  1925 | D:3      | Gained mutation: You have very sharp teeth. [potion of
                  | mutation]
  1963 | D:3      | Reached skill level 6 in Ranged Weapons
  2193 | D:3      | 2193 ||| UPGRADING to +0 ring mail.
  2203 | D:3      | 2203 ||| DROPPING +0 robe.
  2204 | D:3      | 2204 ||| READING scroll labelled QOVYCE ATWY.
  2205 | D:3      | 2205 ||| READING scroll labelled OXTAMU VUME.
  2206 | D:3      | 2206 ||| READING scroll labelled BAIVULAUNEXOI.
  2245 | D:4      | 2245 ||| PLANNING OSSUARY
  2247 | D:4      | Reached skill level 1 in Armour
  2255 | D:4      | 2255 ||| Stepping ~*~*~tactically~*~*~ (outnumbered).
  2259 | D:4      | Reached XP level 6. HP: 46/46 MP: 6/6
  2302 | D:4      | 2302 ||| FLEEEEING.
  2303 | D:4      | 2303 ||| FLEEEEING.
  2304 | D:4      | 2304 ||| FLEEEEING.
  2305 | D:4      | 2305 ||| STAIRDANCE
  2474 | D:4      | 2474 ||| FLEEEEING.
  2497 | D:4      | 2497 ||| FLEEEEING.
  2498 | D:4      | 2498 ||| FLEEEEING.
  2499 | D:4      | 2499 ||| FLEEEEING.
  2500 | D:4      | 2500 ||| FLEEEEING.
  2501 | D:4      | 2501 ||| FLEEEEING.
  2502 | D:4      | 2502 ||| FLEEEEING.
  2504 | D:4      | 2504 ||| FLEEEEING.
  2505 | D:4      | 2505 ||| FLEEEEING.
  2506 | D:4      | 2506 ||| FLEEEEING.
  2507 | D:4      | 2507 ||| FLEEEEING.
  2508 | D:4      | 2508 ||| FLEEEEING.
  2509 | D:4      | 2509 ||| FLEEEEING.
  2510 | D:4      | 2510 ||| STAIRDANCE
  2555 | D:3      | 2555 ||| DRINKING 2 fizzy dark potions.
  2574 | D:4      | Found a runed translucent gate.
  2574 | D:4      | Found a runed translucent gate.
  2576 | D:4      | Found a runed translucent gate.
  2577 | D:4      | Noticed qw's ghost (novice GrHs)
  2647 | D:4      | Reached skill level 7 in Ranged Weapons
  3042 | D:4      | Reached XP level 7. HP: 53/53 MP: 7/7
  3117 | D:4      | 3117 ||| RIP OSSUARY
  3117 | D:4      | 3117 ||| RIP SEWER
  3117 | D:4      | 3117 ||| PLANNING D:1-11
  3254 | D:4      | Reached skill level 8 in Ranged Weapons
  3259 | D:4      | 3259 ||| Stepping ~*~*~tactically~*~*~ (water).
  3263 | D:4      | 3263 ||| Stepping ~*~*~tactically~*~*~ (water).
  3280 | D:4      | 3280 ||| Stepping ~*~*~tactically~*~*~ (water).
  3517 | D:4      | 3517 ||| READING scroll labelled QERCHO EKUC.
  3605 | D:4      | 3605 ||| READING scroll labelled PUFOEMN HONK.
  3606 | D:4      | 3606 ||| READING scroll labelled BATREL QINAOT.
  3666 | D:4      | 3666 ||| READING 2 scrolls of identify.
  3666 | D:4      | 3666 ||| IDENTIFYING orange potion
  3667 | D:4      | 3667 ||| DROPPING potion of invisibility.
  3689 | D:5      | Entered Level 5 of the Dungeon
  3747 | D:5      | Found a staircase to the Ecumenical Temple.
  3748 | D:5      | 3748 ||| PLANNING TEMPLE
  3770 | Temple   | Entered the Ecumenical Temple
  3771 | Temple   | 3771 ||| PLANNING OKAWARU WORSHIP
  4183 | Temple   | Became a worshipper of Warmaster Okawaru
  4184 | Temple   | 4184 ||| PLANNING D:1-11
  4231 | D:5      | Reached skill level 9 in Ranged Weapons
  4266 | D:5      | 4266 ||| FLEEEEING.
  4267 | D:5      | 4267 ||| FLEEEEING.
  4283 | D:5      | 4283 ||| FLEEEEING.
  4292 | D:5      | 4292 ||| STAIRDANCE
  4530 | D:5      | Reached XP level 8. HP: 53/61 MP: 8/8
  4875 | D:5      | Identified the +0 leather armour of Winter {Int+3}
  5275 | D:5      | 5275 ||| DROPPING +0 leather armour of Winter {Int+3}.
  5276 | D:5      | 5276 ||| READING 3 scrolls of identify.
  5276 | D:5      | 5276 ||| IDENTIFYING bubbling yellow potion
  5277 | D:5      | 5277 ||| READING 2 scrolls of identify.
  5277 | D:5      | 5277 ||| IDENTIFYING dark potion
  5278 | D:5      | 5278 ||| DROPPING potion of brilliance.
  5344 | D:6      | Reached skill level 6 in Fighting
  5352 | D:6      | Reached skill level 3 in Dodging
  5373 | D:6      | 5373 ||| FLEEEEING.
  5374 | D:6      | 5374 ||| FLEEEEING.
  5383 | D:6      | 5383 ||| STAIRDANCE
  5440 | D:6      | Reached * piety under Okawaru
  5442 | D:6      | 5442 ||| READING scroll of enchant weapon.
  5442 | D:6      | 5442 ||| ENCHANTING +0 heavy longbow.
  5452 | D:6      | 5452 ||| INVOKING Heroism.
  5497 | D:6      | Reached skill level 1 in Invocations
  5632 | D:6      | 5632 ||| INVOKING Heroism.
  5791 | D:6      | 5791 ||| INVOKING Heroism.
  5916 | D:6      | 5916 ||| UPGRADING to +0 pair of boots.
  5921 | D:6      | 5921 ||| READING scroll of enchant armour.
  5921 | D:6      | 5921 ||| ENCHANTING +0 pair of boots.
  5922 | D:6      | 5922 ||| READING scroll labelled LYCARYGOD.
  5940 | D:7      | 5940 ||| INVOKING Heroism.
  5942 | D:7      | Reached skill level 10 in Ranged Weapons
  5975 | D:7      | 5975 ||| FLEEEEING.
  5976 | D:7      | 5976 ||| FLEEEEING.
  5977 | D:7      | 5977 ||| STAIRDANCE
  5980 | D:6      | 5980 ||| INVOKING Heroism.
  6087 | D:7      | Reached XP level 9. HP: 57/70 MP: 10/10
  6178 | D:7      | Reached skill level 3 in Invocations
  6231 | D:7      | 6231 ||| READING scroll of enchant armour.
  6231 | D:7      | 6231 ||| ENCHANTING +1 pair of boots.
  6317 | D:7      | Reached skill level 11 in Ranged Weapons
  6353 | D:7      | Found a shadowy altar of Dithmenos.
  6354 | D:7      | 6354 ||| INVOKING Heroism.
  6356 | D:7      | Reached skill level 3 in Armour
  6365 | D:7      | 6365 ||| INVOKING Heroism.
  6483 | D:7      | Found a shimmering blue altar of Sif Muna.
  6553 | D:7      | Reached ** piety under Okawaru
  6685 | D:7      | 6685 ||| Stepping ~*~*~tactically~*~*~ (outnumbered).
  6687 | D:7      | 6687 ||| INVOKING Heroism.
  6737 | D:7      | Reached skill level 12 in Ranged Weapons
  6989 | D:7      | 6989 ||| UPGRADING to +0 steam dragon scales.
  6999 | D:7      | 6999 ||| DROPPING +0 ring mail.
  7000 | D:7      | 7000 ||| DRINKING 2 glowing orange potions.
  7001 | D:7      | 7001 ||| READING 3 scrolls of identify.
  7001 | D:7      | 7001 ||| IDENTIFYING viscous inky potion
  7002 | D:7      | 7002 ||| READING 2 scrolls of identify.
  7002 | D:7      | 7002 ||| IDENTIFYING glowing grey potion
  7003 | D:7      | 7003 ||| DROPPING potion of lignification.
  7039 | D:8      | Identified the +0 scale mail of Anarchy {Str+3}
  7051 | D:8      | Noticed Prince Ribbit
  7052 | D:8      | 7052 ||| INVOKING Heroism.
  7058 | D:8      | Killed Prince Ribbit
  7093 | D:8      | 7093 ||| INVOKING Heroism.
  7139 | D:8      | Reached XP level 10. HP: 79/79 MP: 12/12
  7185 | D:8      | 7185 ||| Stepping ~*~*~tactically~*~*~ (outnumbered).
  7252 | D:8      | Found an ancient bone altar of Kikubaaqudgha.
  7383 | D:8      | 7383 ||| INVOKING Heroism.
  7401 | D:8      | 7401 ||| Stepping randomly (disturbance).
  7405 | D:8      | 7405 ||| FLEEEEING.
  7421 | D:8      | Reached skill level 13 in Ranged Weapons
  7555 | D:8      | 7555 ||| INVOKING Heroism.
  7671 | D:8      | Identified the ring "Luoruphi" {Dex+2 SInv}
  7692 | D:8      | Noticed Maggie
  7693 | D:8      | 7693 ||| Stepping ~*~*~tactically~*~*~ (outnumbered).
  7695 | D:8      | 7695 ||| Stepping ~*~*~tactically~*~*~ (outnumbered).
  7708 | D:8      | Killed Maggie
  7847 | D:8      | 7847 ||| UPGRADING to +0 acid dragon scales.
  7857 | D:8      | 7857 ||| UPGRADING to ring "Luoruphi" {Dex+2 SInv}.
  7940 | D:9      | 7940 ||| Stepping ~*~*~tactically~*~*~ (outnumbered).
  7941 | D:9      | 7941 ||| Stepping ~*~*~tactically~*~*~ (outnumbered).
  7948 | D:9      | Reached skill level 9 in Fighting
  8096 | D:9      | Reached *** piety under Okawaru
  8098 | D:9      | 8098 ||| INVOKING Heroism.
  8105 | D:9      | HP: 20/81 [poisoned by a killer bee]
  8128 | D:9      | 8128 ||| FLEEEEING.
  8309 | D:9      | 8309 ||| FLEEEEING.
  8310 | D:9      | 8310 ||| FLEEEEING.
  8311 | D:9      | 8311 ||| FLEEEEING.
  8360 | D:9      | Found a staircase to the Orcish Mines.
  8414 | D:9      | Reached skill level 6 in Dodging
  8655 | D:9      | Reached skill level 14 in Ranged Weapons
  8988 | D:9      | 8988 ||| READING scroll labelled WOVYUL VAUMEI.
  8989 | D:9      | 8989 ||| READING 2 scrolls of identify.
  8989 | D:9      | 8989 ||| IDENTIFYING black potion
  8990 | D:9      | 8990 ||| DROPPING potion of berserk rage.
  9090 | D:10     | Entered Level 10 of the Dungeon
  9099 | D:10     | 9099 ||| Stepping ~*~*~tactically~*~*~ (outnumbered).
  9107 | D:10     | 9107 ||| DRINKING 2 potions of curing.
  9107 | D:10     | 9107 ||| (to cure confusion)
  9141 | D:10     | Noticed Nergalle
  9142 | D:10     | 9142 ||| INVOKING Heroism.
  9151 | D:10     | Killed Nergalle
  9151 | D:10     | Reached **** piety under Okawaru
  9212 | D:10     | 9212 ||| INVOKING Heroism.
  9214 | D:10     | Reached XP level 11. HP: 89/89 MP: 10/13
  9245 | D:10     | Found a staircase to the Lair.
  9254 | D:10     | 9254 ||| DRINKING 2 potions of resistance.
  9256 | D:10     | 9256 ||| INVOKING Heroism.
  9448 | D:10     | 9448 ||| INVOKING Heroism.
  9670 | D:10     | Noticed a brown ugly thing
  9677 | D:10     | Killed a brown ugly thing
  9678 | D:10     | Reached skill level 6 in Invocations
  9741 | D:10     | Noticed a two-headed ogre
  9742 | D:10     | 9742 ||| INVOKING Heroism.
  9747 | D:10     | HP: 9/89 [two-headed ogre/+0 giant spiked club (17)]
  9748 | D:10     | 9748 ||| READING 2 scrolls of teleportation.
  9749 | D:10     | 9749 ||| DRINKING 5 potions of heal wounds.
  9749 | D:10     | Slain by a two-headed ogre

Levels and vault maps discovered:
D:1:      dpeg_arrival_water_fire, layout_basic, ebering_ecumenical_altar_hall
D:2:      layout_loops_ring, kennysheep_path_1
D:3:      layout_rooms, minmay_misc_feat_doors
D:4:      layout_loops_corners, gup_sewer_entry_pipe,
          lightli_ossuary_entry_decrepit_ruins, biasface_ghost_orc_armoury
D:5:      layout_layer_cave, minmay_temple_entry_oklob,
          dreamdust_princess_bridge
D:6:      layout_rooms, serial_glass, glass_columns_b, glass_columns_a,
          nicolae_kite_square_tiling_tiny, grunt_tough_drop
D:7:      layout_loops_ring, mainiacjoe_overflow_large_starburst
D:8:      layout_basic, lemuel_tele_altar, kennysheep_generic_room_16,
          uniq_maggie, uniq_prince_ribbit1
D:9:      layout_grid_maze, orc_0_dummy
D:10:     minmay_the_grid_square_5x5_4x4 [minmay_the_grid_square_5x5_comb,
          minmay_the_grid_square_5x5_inner_v, minmay_the_grid_square_5x5_three,
          minmay_the_grid_square_5x5_pentomino_r,
          minmay_the_grid_square_5x5_fancy_junction,
          minmay_the_grid_square_5x5_prize_deathbox,
          minmay_the_grid_square_5x5_prize_rear_guard,
          minmay_the_grid_square_5x5_intrusive_squares,
          minmay_the_grid_square_5x5_two_walls_b,
          minmay_the_grid_square_5x5_prize_itemx,
          minmay_the_grid_square_5x5_prize_pseudospiral,
          minmay_the_grid_square_5x5_misaligned,
          minmay_the_grid_square_5x5_sharp_hourglass,
          minmay_the_grid_square_5x5_inner_i,
          minmay_the_grid_square_5x5_minibox,
          minmay_the_grid_square_5x5_three_small], layout_cave_pools,
          erik_lair_dragon, serial_rivers, chequers_serial_rivers_large_b,
          chequers_serial_rivers_micro_a, chequers_serial_rivers_micro_d,
          chequers_serial_rivers_room_a, chequers_serial_rivers_micro_a,
          chequers_serial_rivers_micro_d, roderic_batcave, uniq_nergalle
Temple:   compressed_dpeg_triangle_lava_temple

Skill      XL: |  1  2  3  4  5  6  7  8  9 10 11 |
---------------+----------------------------------+-----
Ranged Weapons | 3 4 5 6 7 9 10 12 14 | 14.5
Fighting       | 2 3 4 5 6 7 9 10 | 10.1
Armour         | 1 2 3 4 |  4.0
Dodging        | 3 5 6 |  6.2
Invocations    | 2 4 6 |  6.1
Spellcasting   | |  1.0
Hexes          | |  2.0

Action                     |  1- 3 |  4- 6 |  7- 9 | 10-12 || total
---------------------------+-------+-------+-------+-------++-------
   Fire: Sling             |   101 |       |       |       ||   101
         Longbow           |       |   124 |   215 |   195 ||   534
 Invoke: Heroism           |       |       |    10 |     8 ||    18
    Use: Scroll            |     3 |     6 |    12 |     3 ||    24
         Potion            |       |     4 |     1 |     3 ||     8
 Armour: Robe              |     2 |     9 |       |       ||    11
         Ring mail         |       |    19 |    46 |       ||    65
         Steam dragon scal |       |       |     1 |    18 ||    19
         Acid dragon scale |       |       |       |    53 ||    53
  Dodge: Dodged            |    23 |    73 |    93 |   113 ||   302

Table legend:
 A = Non-vault XP
 B = Vault XP
 C = Vault XP percentage of total XP
 D = Non-vault monster count
 E = Vault monster count
 F = Vault count percentage of total count
                 A         B        C        D         E       F
            +---------+---------+-------+---------+---------+-------
      Total |   10415 |    4795 |  31.5 |     236 |      27 |  10.3
            +---------+---------+-------+---------+---------+-------
        D:1 |      43 |       0 |   0.0 |      21 |       0 |   0.0
        D:2 |      56 |       0 |   0.0 |      19 |       0 |   0.0
        D:3 |     221 |       0 |   0.0 |      25 |       0 |   0.0
        D:4 |     724 |      10 |   1.4 |      35 |       5 |  12.5
        D:5 |     414 |      68 |  14.1 |      14 |       1 |   6.7
        D:6 |     873 |      35 |   3.9 |      15 |       1 |   6.2
        D:7 |    2586 |       0 |   0.0 |      38 |       0 |   0.0
        D:8 |    1830 |    1118 |  37.9 |      31 |       6 |  16.2
        D:9 |    2049 |       0 |   0.0 |      25 |       0 |   0.0
       D:10 |    1619 |    3564 |  68.8 |      13 |      14 |  51.9
            +---------+---------+-------+---------+---------+-------
